 Dungeon Crawl Stone Soup version 0.18-a0-1586-g58c38cf (webtiles) character file.

79 Geeful the Magician (level 4, 0/28 HPs)
             Began as an Octopode Transmuter on Mar 18, 2016.
             Slain by an ooze (3 damage)
             ... on level 1 of the Dungeon.
             The game lasted 00:04:08 (2387 turns).

Geeful the Magician (Octopode Transmuter)           Turns: 2387, Time: 00:04:09

Health: 0/28       AC:  1    Str:  9    XL:     4   Next: 37%
Magic:  9/9        EV: 12    Int: 16    God:
Gold:   102        SH:  0    Dex: 12    Spells: 3 memorised, 3 levels left

rFire  . . .     SeeInvis .     e - +0 short sword
rCold  . . .     Gourm    .     (no shield)
rNeg   . . .     Faith    .     (helmet restricted)
rPois  +         Spirit   .     (no amulet)
rElec  .         Dismiss  .     g - ring of poison resistance
rCorr  .         Reflect  .     (no ring)
SustAt .         Harm     .     (no ring)
MR     .....                    (no ring)
Stlth  ++........               (no ring)
                                (no ring)
                                (no ring)
                                (no ring)

@: not resistant to hostile enchantments, unstealthy
A: almost no armour, amphibious, 8 rings, constrict 8, camouflage 1, gelatinous
body 1
a: no special abilities


You were on level 1 of the Dungeon.
You were hungry.

You visited 1 branch of the dungeon, and saw 2 of its levels.

You collected 102 gold pieces.

Inventory:

Hand Weapons
 e - a +0 short sword (weapon)
Missiles
 a - 7 arrows
Jewellery
 g - a ring of poison resistance (left tentacle)
Scrolls
 i - a scroll of remove curse
Potions
 f - a potion of curing {unknown}
 h - a potion of heal wounds {unknown}
 j - a potion of cure mutation {unknown}
Books
 b - a book of Changes

   Spells                             Type                      Level
   a - Beastly Appendage              Transmutation                1
   b - Sticks to Snakes               Transmutation                2
   c - Spider Form                    Transmutation/Poison         3
   d - Ice Form                       Ice/Transmutation            4
   e - Blade Hands                    Transmutation                5
Comestibles
 c - 2 bread rations
 d - a slice of pizza


   Skills:
 - Level 1.0 Fighting
 - Level 2.0 Dodging
 - Level 3.0 Unarmed Combat
 + Level 3.3 Spellcasting
 + Level 3.2 Transmutations


You had 3 spell levels left.
You knew the following spells:

 Your Spells              Type           Power        Failure   Level  Hunger
a - Beastly Appendage     Trmt           ##....       6%          1    None
b - Sticks to Snakes      Trmt           ##......     10%         2    ##.....
c - Spider Form           Trmt/Pois      #.........   34%         3    ###....


Dungeon Overview and Level Annotations

Branches:
Dungeon (2/15)

Altars:


Innate Abilities, Weirdness & Mutations

You cannot wear most types of armour.
You are amphibious.
You can wear up to eight rings at the same time.
You can use your tentacles to constrict eight enemies at once.
Your skin changes colour to match your surroundings (Stealth).
Your rubbery body absorbs attacks (AC +1).


Message History

You hit the kobold but do no damage. You grab the kobold.
You constrict the kobold, but do no damage.
The kobold hits you with a club.
* * * LOW HITPOINT WARNING * * *
You hit the kobold.
The kobold is severely wounded.
You constrict the kobold.
You kill the kobold!
You hit the ooze but do no damage. You squeeze the ooze.
The ooze is heavily wounded.
The ooze barely misses you.
You hit the ooze.
The ooze is severely wounded.
The ooze misses you.
You hit the ooze.
The ooze is almost dead.
The ooze hits you.
* * * LOW HITPOINT WARNING * * *
The ooze hits you.
You die...

###############.# #.# ##
#.............†.# #.#
.###.#####################.######
.................#..............#
.......######..#.#.#######.####.#
................>#.#.......#.##.#
.#.#'#.........#....÷.........#.#
.#...#...###.#.#J#.#.........##.#
.##..#...###.#.#@#.############.#
.##..#.....>.#.#.#.#.............
.##..#..######.#.#.#.##########.#
.##..#.........#.#.#............#
..##.##.########.#.#..#.#########
...#.............#.#..#.#
##....#.##########.#..#.#
.##.....# ######.#..#.# #.##....#
#..)...#..#.#


You could see an ooze.

Vanquished Creatures
  2 adders (D:1)
  A dart slug (D:1)
  A giant gecko (D:1)
  2 giant cockroaches (D:1)
  5 goblins (D:1)
  7 hobgoblins (D:1)
  9 jackals
  3 bats (D:1)
  A giant newt (D:1)
  7 kobolds (D:1)
38 creatures vanquished.

Vanquished Creatures (collateral kills)
  2 gnolls (D:1)
2 creatures vanquished.

Grand Total: 40 creatures vanquished

Notes
Turn   | Place    | Note
--------------------------------------------------------------
     0 | D:1      | Geeful the Octopode Transmuter began the quest for the Orb.
     0 | D:1      | Reached XP level 1. HP: 13/13 MP: 3/3
   194 | D:1      | Reached XP level 2. HP: 12/18 MP: 5/5
   636 | D:1      | Reached XP level 3. HP: 12/23 MP: 7/7
   901 | D:1      | Learned a level 2 spell: Sticks to Snakes
  1978 | D:1      | Reached XP level 4. HP: 17/28 MP: 8/8
  2223 | D:1      | Learned a level 3 spell: Spider Form
  2387 | D:1      | Slain by an ooze

Vault maps used:
D:1:      evilmike_arrival_rings
D:2:      lemuel_crystal_altar, xom_teletrap_fun

Skill      XL: |  1  2  3 |
---------------+----------+-----
Spellcasting   | 3 |  3.3
Transmutations | 3 |  3.2
Fighting       | |  1.0
Dodging        | |  2.0
Unarmed Combat | |  3.0

Action                   |  1- 3 |  4- 6 || total
-------------------------+-------+-------++-------
Melee: Unarmed           |    13 |       ||    13
       Short sword       |    67 |    22 ||    89
 Cast: Sticks to Snakes  |     5 |       ||     5
  Use: Scroll            |     2 |       ||     2
 Stab: Sleeping          |     3 |       ||     3
       Distracted        |     1 |       ||     1
  Eat: Chunk             |     3 |     1 ||     4
